 Dungeon Crawl Stone Soup version 0.28-a0-779-g3d1f99b579 (webtiles) character file.

Game seed: 319529752277041213

119 timneilson the Shield-Bearer (level 5, 0/33 HPs)
             Began as a Gargoyle Fighter on Nov 2, 2021.
             Slain by a goblin (2 damage)
             ... led by Robin
             ... on level 2 of the Dungeon.
             The game lasted 00:02:31 (2085 turns).

timneilson the Shield-Bearer (Gargoyle Fighter)     Turns: 2085, Time: 00:02:31

Health: 0/33       AC: 11    Str: 21    XL:     5   Next: 3%
Magic:  5/5        EV: 10    Int:  8    God:
Gold:   63         SH:  4    Dex:  9    Spells: 4/4 levels left

rFire   . . .      SeeInvis .   a - +0 long sword
rCold   . . .      Faith    .   c - +0 buckler
rNeg    + . .      Spirit   .   b - +0 scale mail
rPois   ∞          Reflect  .   (no helmet)
rElec   +          Harm     .   (no cloak)
rCorr   .          Rampage  .   (no gloves)
Will    .....                   (no boots)
Stlth   ..........              (no amulet)
HPRegen 0.11/turn               (no ring)
MPRegen 0.09/turn               (no ring)

@: mighty
A: sickness immunity, AC +4, negative energy resistance 1, electricity
resistance, torment resistance 1, petrification resistance
a: no special abilities


You were on level 2 of the Dungeon.
You visited 1 branch of the dungeon, and saw 2 of its levels.

You collected 63 gold pieces.

Inventory:

Hand Weapons
 a - a +0 long sword (weapon)
Armour
 b - a +0 scale mail (worn)
 c - a +0 buckler (worn)
Jewellery
 e - a ring of flight
Scrolls
 f - a scroll of identify {unknown}
Potions
 d - 2 potions of might


   Skills:
 + Level 3.7 Fighting
 * Level 2.5 Long Blades
 * Level 4.1 Armour
 + Level 1.1 Dodging
 * Level 4.2 Shields


You had 4 spell levels left.
You didn't know any spells.
Your spell library contained the following spells:

 Spells                   Type           Power      Damage    Failure   Level
 Gell's Gravitas          Tloc           0%         N/A       98%         3
 Lesser Beckoning         Tloc           0%         N/A       98%         3
 Teleport Other           Tloc           0%         N/A       98%         3
 Tukima's Dance           Hex            0%         N/A       98%         3
 Passage of Golubria      Tloc           0%         N/A       100%        4
 Yara's Violent Unravell  Hex/Tmut       0%         3d3       100%        5


Dungeon Overview and Level Annotations

Branches:
Dungeon (2/15)

Altars:

Annotations:
D:2 1 runed translucent door, Crazy Yiuf, Robin


Innate Abilities, Weirdness & Mutations

You are immune to sickness and miasma.
Your stone body is resilient. (AC +4)
You are immune to poison.
You resist negative energy. (rN+)
You are resistant to electric shocks. (rElec)
You are resistant to unholy torment.
You are immune to petrification.


Message History

You are too injured to fight recklessly!
Unknown command.
You hit the goblin.
You kill the goblin!
Robin throws the goblin at you! You block the goblin's attack.
The goblin closely misses you.
You have reached level 5!
You hit the goblin.
The goblin is moderately wounded.
The goblin no longer looks unusually strong. x2
The goblin hits you but does no damage. You block the goblin's attack.
Unknown command.
You closely miss the goblin.
The goblin is moderately wounded.
You block the goblin's attack. The goblin closely misses you.
The goblin hits you with a +0 club. The goblin hits you with a +0 dagger.
* * * LOW HITPOINT WARNING * * *
Unknown command.
You feel very mighty all of a sudden.
The goblin hits you but does no damage. x2
You hit the goblin.
You kill the goblin!
A hobgoblin comes into view.
The goblin closely misses you.
The hobgoblin shouts!
You slash the goblin!
You kill the goblin!
Robin says, "My army is invincible!"
Robin throws the goblin at you!
* * * LOW HITPOINT WARNING * * *
The goblin hits you with a +0 club.
* * * LOW HITPOINT WARNING * * *
You closely miss the goblin. The goblin barely misses you.
Robin barely misses you.
Unknown command.
You slash Robin!
Robin is severely wounded.
The goblin barely misses you. Robin hits you but does no damage.
The goblin hits you with a +0 club.
You die...

#####################
....g.g@g...........#
..################.##
#.# #.# ####.##
#.....# #.##### ###
#.# #.. #.#


You could see Robin, a hobgoblin and a goblin.

Vanquished Creatures
  6 adders
  A worm (D:2)
  A dart slug (D:1)
  7 bats
  2 endoplasms
  4 hobgoblins
  3 jackals (D:1)
  6 kobolds
  2 quokkas (D:2)
  5 ball pythons
  5 frilled lizards (D:1)
  11 goblins
  6 rats
59 creatures vanquished.

Notes
Turn   | Place    | Note
-------+----------+-------------------------------------------
     0 | D:1      | timneilson the Gargoyle Fighter began the quest for the
                  | Orb.
     0 | D:1      | Reached XP level 1. HP: 14/14 MP: 1/1
   163 | D:1      | Reached XP level 2. HP: 18/19 MP: 2/2
   511 | D:1      | Reached XP level 3. HP: 11/23 MP: 3/3
  1132 | D:2      | Reached XP level 4. HP: 27/28 MP: 4/4
  1322 | D:2      | Reached skill level 1 in Dodging
  1474 | D:2      | Found a runed translucent door.
  1475 | D:2      | Noticed Crazy Yiuf
  1772 | D:2      | Found a faded altar of an unknown god.
  2065 | D:2      | Noticed Robin
  2079 | D:2      | Reached XP level 5. HP: 13/33 MP: 5/5
  2085 | D:2      | Slain by a goblin

Illustrated notes

Levels and vault maps discovered:
D:1:      dpeg_arrival_lava_altar, layout_rooms
D:2:      layout_basic, dreamdust_ecumenical_altar_statues, minmay_tromino_v4_a,
          uniq_robin, uniq_crazy_yiuf_cottage

Skill      XL: |  1  2  3  4 |
---------------+-------------+-----
Long Blades    | 2 |  2.5
Shields        | 4 |  4.2
Dodging        | 1 |  1.1
Armour         | 4 |  4.1
Fighting       | |  3.7

Action                   |  1- 3 |  4- 6 || total
-------------------------+-------+-------++-------
Melee: Long sword        |   115 |   114 ||   229
  Use: Scroll            |     3 |       ||     3
       Potion            |       |     1 ||     1
Armor: Scale mail        |    93 |    81 ||   174
Dodge: Dodged            |    75 |    77 ||   152
Block: Buckler           |    37 |    31 ||    68

Table legend: (Time is in decaauts)
 A = Elapsed time spent in this place.
 B = Non-inter-level travel time spent in this place.
 C = Inter-level travel time spent in this place.
 D = Time resting spent in this place.
 E = Time spent auto-exploring this place.
 F = Levels seen in this place.
 G = Mean time per level.
                   A        B        C        D        E       F      G
               +--------+--------+--------+--------+--------+-----+--------+
         Total |   2152 |   2147 |      5 |     96 |   1583 |   2 | 1076.0 |
       Dungeon |   2152 |   2147 |      5 |     96 |   1583 |   2 | 1076.0 |
               +--------+--------+--------+--------+--------+-----+--------+

Top non-repeatable levels by time:
     D:2: 1108 daAuts
     D:1: 1044 daAuts
